[Event "*** Titled Tuesday Blitz"]
[Site "Chess.com"]
[Date "2020.04.14"]
[Round "1"]
[White "Sanan_Sjugirov"]
[Black "serhanberat_ozdemir"]
[Result "1-0"]
[WhiteElo "2824"]
[BlackElo "2434"]
[TimeControl "180+1"]
[EndTime "10:08:51 PDT"]
[Termination "Sanan_Sjugirov won on time"]

1. d4 Nf6 2. Nf3 g6 3. Nc3 d5 4. Bf4 Bg7 5. e3 O-O 6. Nb5 Na6 7.
h3 c5 8. c3 Bf5 9. Be2 Qd7 10. a4 Rfd8 11. O-O h6 12. Bh2 Ne4 13. Ne5 Bxe5 14. Bxe5 f6 15. Bh2 h5 16. h4 Kg7 17.
Re1 Nd6 18. Nxd6 exd6 19. Bb5 Qe7 20. Bd3 Bxd3 21. Qxd3 Qe4 22. Qb5 Qe7 23. Rad1 Rac8 24. Bg3 Nb8 25. Qb3 c4 26. Qc2 Nc6 27. e4 dxe4 28. Rxe4 Qf7 29. d5 Ne5 30. Qe2 Re8 31. Re1 Kf8 32. Qd2 Kg7 33. Qd4 b6 34. R1e2 Rc5 35.
Rd2 a5 36. Bf4 Nd3 37. Rxe8 Qxe8 38. Be3 Qe5 39. Qxe5 fxe5 40. Bxc5 Nxc5 41. f3 Nxa4 42. Kf2 Nc5 43. Ke3 Kf6 44. g4 b5 45. gxh5 gxh5 46.
Rg2 Nd3 47. b3 Nf4 48. Rb2 b4 49. bxc4 bxc3 50. Rc2 a4 51. Rxc3 Ng2+ 52. Ke4 Nxh4 53. Ra3 Nf5 54. Ra2 h4 55. Kd3 Kg5 56. Ke2 Kf4 57.
Kf2 h3 58. Rxa4 Nd4 59. Ra8 Nf5 60. Rf8 Kg5 61. Rg8+ Kf4 62. Rh8 e4 63. fxe4 Kxe4 64. Rxh3 Kd4 65. Rh5 Ne7 66. Rh4+ Kc5 67. Ke2 Nc8 68.
Kd3 Nb6 69. Rh8 1-0

[Event "*** Titled Tuesday Blitz"]
[Site "Chess.com"]
[Date "2020.04.14"]
[Round "1"]
[White "crazy_but_lazy"]
[Black "Lagmantr"]
[Result "1-0"]
[WhiteElo "2410"]
[BlackElo "2737"]
[TimeControl "180+1"]
[EndTime "10:08:51 PDT"]
[Termination "crazy_but_lazy won on time"]

1. d4 c6 2. c4 d5 3. cxd5 Nf6 4. dxc6 Nxc6 5. Nf3 e5 6. e3 exd4 7. Nxd4 Nxd4 8.
Qxd4 Qxd4 9. exd4 Ne4 10. Nc3 Bb4 11. Bb5+ Bd7 12. Bxd7+ Kxd7 13. Bd2 Nxd2 14. Kxd2 Rhd8 15. Rhe1 Rac8 16. Kd3 Bd6 17. g3 a6 18. Rac1 Bb4 19.
a3 Ba5 20. b4 Bb6 21. Na4 Ba7 22. Nc5+ Bxc5 23. bxc5 Rc6 24. Rb1 Rb8 25. Re2 b5 26. Rbe1 Re6 27. d5 Rxe2 28. Rxe2 b4 29. Rb2 bxa3 30.
Ra2 Rb3+ 31. Kc4 Rf3 32. Kb4 Rd3 33. Rxa3 Rd4+ 34. Ka5 Rxd5 35. Kb6 Rd2 36. c6+ Kc8 37.
Rxa6 Rb2+ 38. Kc5 Rxf2 39. Ra8+ Kc7 40. Ra7+ Kb8 41. Re7 Rxh2 42. Rxf7 Rh5+ 43. Kd6 Rh1 44. c7+ Kb7 45. Rxg7 Rd1+ 46. Ke5 h5 47. Kf4 Rd4+ 48. Kg5 Rd5+ 49. Kh6 Rc5 50. Rg5 Rc1 51. Kxh5 Kxc7 52. Rd5 1-0

[Event "*** Titled Tuesday Blitz"]
[Site "Chess.com"]
[Date "2020.04.14"]
[Round "1"]
[White "Anton_Demchenko"]
[Black "AttilaTurzo"]
[Result "1/2-1/2"]
[WhiteElo "2934"]
[BlackElo "2503"]
[TimeControl "180+1"]
[EndTime "10:08:52 PDT"]
[Termination "Game drawn by repetition"]

1. d4 Nf6 2. Nf3 e6 3. Bf4 c5 4.
e3 b6 5. Bd3 Bb7 6. Nbd2 Be7 7.
h3 cxd4 8. exd4 O-O 9. c3 d6 10. Qe2 Nbd7 11. O-O Re8 12. Bg3 a6 13. a4 Bf8 14. Rfe1 e5 15. dxe5 dxe5 16. Ne4 Nxe4 17. Bxe4 Bxe4 18. Qxe4 Nc5 19. Qg4 e4 20. Nd4 g6 21. Red1 Nd3 22. Qe2 f5 23. Nc2 f4 24.
Bxf4 Qf6 25. Be3 Nxb2 26. Rd7 Nd3 27. Rb1 Qc6 28. Rd4 Bc5 29. h4 Bxd4 30. Bxd4 b5 31. axb5 axb5 32. Ne3 Rf8 33. Ng4 h5 34. Ne5 Qd5 35.
Nxd3 exd3 36. Qxd3 Ra6 37. Qxb5 Qxb5 38. Rxb5 Rc8 39. Rb7 Kf8 40. Kh2 Ke8 41. Kg3 Rd8 42.
Rg7 Rd7 43. Rg8+ Kf7 44. Rh8 Ke6 45. Kf4 Rf7+ 46. Ke3 Rf5 47. f3 Kd5 48. Rd8+ Kc4 49. Rc8+ Kd5 50. Rd8+ Rd6 51. Ra8 Re6+ 52. Kf2 Rc6 53.
Kg3 Kc4 54. Rd8 Re6 55. Rc8+ Kd3 56. Ra8 Rb5 57. Ra1 Rb2 58. Rd1+ Rd2 59. Rg1 Ree2 60.
Kh3 Kc4 61. Kg3 Kd5 62. Kh3 Ke6 63. Kg3 Kf5 64. Kh3 Rc2 65. Kg3 Ra2 66. Bg7 Rec2 67. Bd4 Ra4 68. Bg7 Raa2 69. Bd4 Rab2 70. Bg7 Ra2 1/2-1/2

[Event "*** Titled Tuesday Blitz"]
[Site "Chess.com"]
[Date "2020.04.14"]
[Round "1"]
[White "StockholmMissile"]
[Black "TranJMinh"]
[Result "1/2-1/2"]
[WhiteElo "2421"]
[BlackElo "2775"]
[TimeControl "180+1"]
[EndTime "10:08:54 PDT"]
[Termination "Game drawn by repetition"]

1. d4 Nf6 2. c4 e6 3. Nf3 b6 4. a3 Ba6 5. Qc2 c5 6. d5 exd5 7. cxd5 Bb7 8. Nc3 Nxd5 9. g3 Be7 10. Bg2 Nxc3 11. bxc3 Nc6 12. O-O O-O 13. Rd1 Bf6 14. Bf4 Re8 15. Bd6 Na5 16. h4 Be4 17. Qb2 Nc4 18.
Qb3 Na5 19. Qb2 h6 20. Rac1 Nc4 21. Qb3 Nxd6 22. Rxd6 Re6 23. Rd2 d5 24. Ne1 Qe7 25. f3 Bg6 26. Qxd5 Re8 27. e4 Be5 28. f4 Rd6 29. Qa2 Rxd2 30. Qxd2 Bc7 31. e5 Rd8 32.
Qe2 Bf5 33. Rd1 Qe6 34. Rxd8+ Bxd8 35. Kh2 Be7 36. c4 Qd7 37. Bd5 b5 38. Nc2 b4 39.
axb4 cxb4 40. Ne3 Be6 41. Qc2 Bc5 42. f5 Bxe3 43. fxe6 fxe6 44. Bg2 a5 45. c5 Qc7 46. c6 Bb6 47. Qc4 Qe7 48. Qb5 Bc7 49. Qc4 Kf7 50. Bh3 Bxe5 51. Qf1+ Ke8 52. Qb5 Bc7 53. Qd3 Kf7 54.
Qf1+ Ke8 55. Qd3 Qd6 56. Qg6+ Kd8 57. Qxg7 Qxc6 58. Qf8+ Kd7 59. Qf7+ Kc8 60. Bxe6+ Kb8 61. Bd5 Qd6 62. Qe8+ Bd8 63. Qb5+ Bb6 64. Qe8+ Bd8 65.
Qb5+ Qb6 66. Qd7 Qf2+ 67. Kh3 Qb6 68. Kh2 Qf2+ 69. Kh3 Qf1+ 70. Kh2 Qe2+ 71. Kh3 Qf1+ 72. Kh2 Qf2+ 1/2-1/2

[Event "*** Titled Tuesday Blitz"]
[Site "Chess.com"]
[Date "2020.04.14"]
[Round "1"]
[White "figo13"]
[Black "lucasran"]
[Result "1-0"]
[WhiteElo "2337"]
[BlackElo "2649"]
[TimeControl "180+1"]
[EndTime "10:08:54 PDT"]
[Termination "figo13 won on time"]

1. d4 Nf6 2. c4 e6 3. Nc3 Bb4 4. Nf3 b6 5. e3 Bb7 6. Bd3 O-O 7. Qc2 c5 8. a3 Bxc3+ 9. bxc3 d6 10. O-O Nbd7 11.
Nd2 e5 12. Ne4 Qe7 13. d5 Nxe4 14. Bxe4 g6 15. f4 f5 16. Bd3 Rae8 17. Bd2 a5 18.
Rae1 e4 19. Be2 Ba6 20. g4 Bc8 21. Kh1 fxg4 22. Bxg4 Nf6 23. Bxc8 Rxc8 24. Rg1 Nh5 25. Rb1 Rb8 26. Be1 Qd7 27. a4 Qh3 28. Qg2 Qxe3 29. Bd2 Qf3 30. Qxf3 exf3 31. Rgf1 Nxf4 32. Rxf3 Nh5 33.
Rxf8+ Kxf8 34. Kg2 Ke7 35. Re1+ Kd7 36. Re6 Re8 37.
Rxe8 Kxe8 38. Kf3 Kf7 39. h4 Ng7 40. Kg4 Ne8 41. Bf4 Kf6 42. Bh6 Ke5 43. Kf3 Kf5 44.
Bf8 h5 45. Be7 Ke5 46. Bd8 Nf6 47. Bxb6 Ne4 48. Bxa5 Nd2+ 49. Kg3 Nxc4 50. Bc7 Kxd5 51. Kf4 Kc6 52. Bd8 d5 53. Kg5 Ne5 54. Bf6 Kd6 55. a5 Nc6 56. a6 Kc7 57. Kxg6 Kb6 58. Kxh5 Kxa6 59. Kg6 d4 60. cxd4 cxd4 61. h5 d3 62. Bc3 Ne5+ 63. Kf5 Nf7 64. Kf6 Nh6 65. Bd2 Ng4+ 66. Kf5 Nh2 67. h6 Nf3 68. Be3 Nd4+ 69. Kf6 Nc2 70. Bd2 Nd4 71. h7 Nf3 72. Be3 d2 73. Bxd2 Nxd2 74. h8=Q Nb3 75. Qb8 Na5 76. Ke6 Nb7 77. Kd5 Kb6 78. Qc8 Ka6 79. Qc6+ Ka7 80. Qh6 Kb8 81. Kc6 1-0

[Event "*** Titled Tuesday Blitz"]
[Site "Chess.com"]
[Date "2020.04.14"]
[Round "1"]
[White "kingandqueen2017"]
[Black "Semetey"]
[Result "1-0"]
[WhiteElo "2280"]
[BlackElo "2563"]
[TimeControl "180+1"]
[EndTime "10:08:58 PDT"]
[Termination "kingandqueen2017 won by checkmate"]

1. d4 d5 2. c4 e6 3. Nc3 Nf6 4. cxd5 exd5 5. Bg5 Nbd7 6. e3 c6 7. Bd3 Be7 8. Nge2 O-O 9. Qc2 Re8 10. O-O Ne4 11. Bxe7 Qxe7 12. Bxe4 dxe4 13. Ng3 Nf6 14.
Rfd1 Bg4 15. Rd2 Rad8 16. h3 Bh5 17. Nxh5 Nxh5 18. d5 cxd5 19. Rxd5 Nf6 20. Rxd8 Rxd8 21. Rd1 Rxd1+ 22. Qxd1 h6 23. Qc2 Qc5 24. Qa4 g6 25.
Qb5 Qxb5 26. Nxb5 a6 27. Nd6 b5 28. b4 Kf8 29. Nb7 Nd7 30. Kf1 Ke7 31. Ke2 f5 32.
h4 Ke6 33. Kd2 Kd5 34. Kc3 Ne5 35. Nc5 a5 36. Nb3 a4 37. Nd4 Nd3 38. f4 exf3 39. Kxd3 fxg2 40. Nf3 g5 41. hxg5 hxg5 42. a3 g4 43. Ng1 Ke5 44. Ne2 Kd5 45. Nf4+ Ke5 46.
Nxg2 g3 47. Nf4 Kd6 48. Ke2 Ke5 49. Kf3 g2 50. Nxg2 Kd5 51. Nh4 Kc4 52. Nxf5 Kb3 53. e4 Kxa3 54. e5 Kxb4 55. e6 a3 56. Ne3 a2 57. e7 Kb3 58. e8=Q a1=Q 59. Qxb5+ Ka2 60.
Qa4+ Kb2 61. Nc4+ Kb1 62. Qd1+ Ka2 63. Qc2+ Qb2 64. Qxb2# 1-0

[Event "*** Titled Tuesday Blitz"]
[Site "Chess.com"]
[Date "2020.04.14"]
[Round "1"]
[White "RubensCezila"]
[Black "MrTattaglia"]
[Result "0-1"]
[WhiteElo "2457"]
[BlackElo "2859"]
[TimeControl "180+1"]
[EndTime "10:09:00 PDT"]
[Termination "MrTattaglia won by resignation"]

1. c4 c5 2. Nc3 Nf6 3. g3 g6 4. Bg2 Bg7 5. Nf3 O-O 6. O-O Nc6 7. d3 a6 8. Ne1 Rb8 9. a4 d6 10. Nc2 Bd7 11. Bg5 Ne8 12. Qd2 Nc7 13. Bh6 b5 14.
Bxg7 Kxg7 15. axb5 axb5 16. Ne3 bxc4 17. Bxc6 Bxc6 18.
dxc4 Ne6 19. Rfb1 Qd7 20. Ncd5 Rb7 21. b4 cxb4 22. Rxb4 Rfb8 23. Rab1 Rxb4 24. Rxb4 Ra8 25. Qb2+ f6 26. Nb6 Qa7 27. Nxa8 Qxa8 28. Rb8 Qa7 29. Nd5 Nd4 30. Rb6 Nxe2+ 31. Kf1 Bxd5 32. cxd5 Nc3 33.
Rb7 Qa6+ 34. Kg2 Nxd5 35. Qb5 Qxb5 36. Rxb5 Nc3 37. Rb7 Kf7 38. f4 Ne4 39. Kf3 f5 40.
h4 h6 41. g4 Nf6 42. g5 hxg5 43. hxg5 Ne4 44. Rb8 e5 45. Rd8 Kg7 46. Rd7+ Kf8 47. Rd8+ Ke7 48. Rg8 Kf7 49. Rd8 Nd2+ 50. Ke2 Nc4 51. Rc8 Nb6 52. Rc7+ Kf8 53. Kf3 Nd5 54. Rc8+ Kf7 55. Rd8 e4+ 56. Kg3 Ke6 57. Rg8 Ne7 58. Rg7 d5 59. Kf2 d4 60. Ke2 Kd6 61. Kd2 Ke6 62. Ke2 Kd6 63. Kd2 d3 64. Ke3 Nd5+ 65.
Kd4 Nxf4 66. Ke3 Ke5 67. Re7+ Ne6 68. Re8 f4+ 69. Kd2 Kf5 0-1

[Event "*** Titled Tuesday Blitz"]
[Site "Chess.com"]
[Date "2020.04.14"]
[Round "1"]
[White "stefan_95"]
[Black "konradrutkowski"]
[Result "0-1"]
[WhiteElo "2560"]
[BlackElo "2243"]
[TimeControl "180+1"]
[EndTime "10:09:00 PDT"]
[Termination "konradrutkowski won by checkmate"]

1. d4 Nf6 2. Nf3 g6 3. Bf4 Bg7 4. e3 O-O 5. Be2 d6 6. O-O c5 7. c3 Nc6 8. h3 cxd4 9. exd4 Nd5 10.
Bh2 e5 11. Nbd2 Re8 12. dxe5 dxe5 13. Bc4 Nf4 14. Ne4 Be6 15. Bxe6 Rxe6 16. Nc5 Re7 17.
Qxd8+ Rxd8 18. Rfe1 b6 19. Bxf4 exf4 20. Nb3 h6 21. Kf1 Red7 22. a4 g5 23. a5 bxa5 24. Nxa5 Nxa5 25. Rxa5 Rb8 26. Ra2 Rdb7 27. Re2 Kh7 28.
Rd2 Kg6 29. Ne1 h5 30. Nd3 Re7 31. Re2 Rxe2 32. Kxe2 Rb7 33. Ra6+ f6 34. Rc6 Kf5 35. b4 Bf8 36. Nc5 Bxc5 37. Rxc5+ Ke6 38. Kd3 Rd7+ 39.
Kc2 g4 40. c4 f5 41. b5 f3 42.
gxf3 gxh3 43. Rc6+ Rd6 44. Rc8 Rd4 45. Re8+ Kd6 46. Re1 Rxc4+ 47. Kd3 Rh4 48. Rh1 h2 49. f4 Kc5 50. Ke3 Kxb5 51. Kf3 Kc4 52. Kg3 Rg4+ 53.
Kf3 Rh4 54. Kg3 Rg4+ 55. Kf3 h4 56. Rxh2 a5 57. Rh1 a4 58. Ke3 Kc3 59. Rc1+ Kb2 60. Rc8 a3 61. Kd2 Rxf4 62. Rb8+ Ka2 63. Kc1 Rxf2 64.
Rh8 Rh2 65. Rh5 h3 66. Rxf5 Rg2 67. Rh5 h2 68. Rxh2 Rxh2 69. Kd1 Rb2 70. Kc1 Kb3 71.
Kd1 a2 72. Kc1 a1=Q# 0-1

[Event "*** Titled Tuesday Blitz"]
[Site "Chess.com"]
[Date "2020.04.14"]
[Round "1"]
[White "crescentmoon2411"]
[Black "korason34"]
[Result "1-0"]
[WhiteElo "2897"]
[BlackElo "2474"]
[TimeControl "180+1"]
[EndTime "10:09:01 PDT"]
[Termination "crescentmoon2411 won by resignation"]

1. e4 e5 2. Nf3 Nc6 3. Bb5 a6 4. Bxc6 dxc6 5. d4 exd4 6. Qxd4 Qxd4 7. Nxd4 Bd7 8. Nc3 O-O-O 9. Bf4 f6 10. O-O-O Ne7 11. Rd2 c5 12. Nde2 Ng6 13. Bg3 Bc6 14. Rxd8+ Kxd8 15. Rd1+ Kc8 16. h4 h5 17. Nd5 Bxd5 18. Rxd5 Be7 19. Nc3 c6 20. Rf5 Nf8 21. Na4 b5 22. Nc3 Ne6 23. Ne2 g6 24. Rf3 Rd8 25.
Rd3 Nd4 26. Kd2 Bf8 27. c3 Bh6+ 28. Bf4 g5 29. hxg5 fxg5 30. Be3 Ne6 31. Rxd8+ Kxd8 32. Ng3 Bg7 33. Nxh5 Be5 34. g3 g4 35. Nf4 Ng5 36.
Ke2 c4 37. Ng6 Nf7 38. f4 gxf3+ 39. Kxf3 Kd7 40. Bf4 Bg7 41. e5 Ke6 42. Ke4 c5 43. g4 a5 44. g5 b4 45. Be3 Nxe5 46. Nf4+ Kf7 47. Bxc5 bxc3 48. bxc3 Nc6 49. Kd5 Ne5 50. Bd4 Nd3 51. g6+ Kg8 52. Ne6 Bxd4 53. Kxd4 Nb2 54. Kc5 a4 55. Kb4 Kh8 56. Ka3 Nd1 57. Kb4 Nb2 58.
a3 Kg8 59. Nc7 Kg7 60. Nd5 Kxg6 61. Nb6 Kf5 62. Nxa4 Nd1 63. Kxc4 Ke6 64. Nc5+ Kd6 65. Nb3 Kc6 66. a4 Nb2+ 67. Kb4 Kb6 68. c4 Nd3+ 69. Kc3 Ne5 70. Kd4 Nc6+ 71. Kd5 Nb4+ 72. Kd6 Nd3 73. c5+ Nxc5 74. Nxc5 Ka5 75. Kc6 Kb4 76.
Kb6 Kc4 77. a5 Kd5 78. a6 1-0

[Event "*** Titled Tuesday Blitz"]
[Site "Chess.com"]
[Date "2020.04.14"]
[Round "1"]
[White "ketster"]
[Black "Vuk2000"]
[Result "0-1"]
[WhiteElo "2267"]
[BlackElo "2618"]
[TimeControl "180+1"]
[EndTime "10:09:01 PDT"]
[Termination "Vuk2000 won on time"]

1. d4 Nf6 2. c4 e6 3. Nf3 b6 4.
g3 Ba6 5. Qc2 Bb7 6. Bg2 c5 7.
O-O cxd4 8. Nxd4 Bxg2 9. Kxg2 Be7 10. Nc3 O-O 11. e4 Qc7 12. Qe2 Nc6 13. Ndb5 Qb7 14.
Rd1 Rfc8 15. Bf4 a6 16. Nd6 Bxd6 17. Bxd6 Ne8 18. Bf4 Na5 19. b3 b5 20. Rab1 bxc4 21. b4 Nc6 22. Qxc4 Ne5 23. Qd4 Ng6 24. Be3 Nf6 25.
f3 Rc6 26. Na4 Rc2+ 27. Rd2 Rxd2+ 28. Qxd2 Nxe4 29. Qd4 Nf6 30. Nc5 Qd5 31. Qxd5 Nxd5 32.
Bd2 Nb6 33. a4 d6 34. Ne4 Nxa4 35. Ra1 Nb6 36. b5 axb5 37. Rxa8+ Nxa8 38. Nxd6 Nc7 39. Ba5 Nd5 40. Nxb5 Ne5 41. Bd2 Nc4 42. Bc1 Nb4 43. Nd4 Nd3 44. Ne2 e5 45. h4 f6 46.
g4 Kf7 47. Kf1 Ke6 48. Kg2 Kd5 49. g5 f5 50. h5 g6 51. hxg6 hxg6 52. Kf1 Kc5 53. Kg2 Kb4 54. Kf1 Kb3 55. f4 e4 56.
Nd4+ Kc3 57. Nxf5 Nxc1 58. Ne7 e3 0-1

[Event "*** Titled Tuesday Blitz"]
[Site "Chess.com"]
[Date "2020.04.14"]
[Round "1"]
[White "kinga2008"]
[Black "iLuusions"]
[Result "1/2-1/2"]
[WhiteElo "2201"]
[BlackElo "2571"]
[TimeControl "180+1"]
[EndTime "10:09:01 PDT"]
[Termination "Game drawn - insufficient material"]

1. e4 c5 2. Nf3 e6 3. c3 Nf6 4.
Bd3 Nc6 5. Bc2 c4 6. O-O d5 7. exd5 Nxd5 8. d4 cxd3 9. Qxd3 Be7 10. Re1 Qc7 11. Na3 a6 12. Nc4 b5 13. Nce5 Bb7 14. Nxc6 Qxc6 15. Nd4 Qc7 16. Bb3 Rd8 17. Qe2 O-O 18. Be3 Bf6 19. Rad1 Nf4 20. Bxf4 Qxf4 21.
g3 Qh6 22. Nf3 Qh5 23. Kg2 Qf5 24. Bc2 Bxf3+ 25. Qxf3 Qxc2 26. Rxd8 Rxd8 27. Qc6 h5 28. Qxa6 Rd2 29. Qa8+ Kh7 30. Qf3 Qf5 31. Qxf5+ exf5 32. Rb1 h4 33. Kf3 g5 34. Ke3 Rd7 35. Rc1 g4 36.
Kf4 Kg6 37. Rc2 Re7 38. gxh4 Bxh4 39. f3 Bg5+ 40. Kg3 Re3 41. Rf2 Kh5 42. Kg2 gxf3+ 43. Rxf3 Rxf3 44. Kxf3 Kg6 45. b3 Be7 46. a4 bxa4 47.
bxa4 Bc5 48. h4 Be7 49. a5 Bc5 50. Kf4 Kf6 51. a6 Bd6+ 52. Kf3 Bc5 53. Kf4 Kg6 54. h5+ Kf6 55. h6 Bd6+ 56. Kf3 Bb8 57. c4 Ba7 58. Kf4 Bb8+ 59. Kf3 Ba7 60. Kf4 Kg6 61. h7 Kxh7 62. Kxf5 Kg7 63. Ke5 Kg6 64. Kd6 f5 65. c5 f4 66. c6 f3 67. c7 f2 68. c8=Q f1=Q 69. Qg8+ Kh5 70. Qh7+ Kg4 71. Qg7+ Kh3 72. Qh6+ Kg2 73.
Qg6+ Kh1 74. Qh5+ Kg1 75. Qg5+ Kf2 76. Qf5+ Ke1 77. Qxf1+ Kxf1 78. Kc6 Bf2 79. Kb7 Ke2 80. a7 Bxa7 1/2-1/2

[Event "*** Titled Tuesday Blitz"]
[Site "Chess.com"]
[Date "2020.04.14"]
[Round "1"]
[White "Kirill_Klukin"]
[Black "Blitzking642"]
[Result "1/2-1/2"]
[WhiteElo "2724"]
[BlackElo "2388"]
[TimeControl "180+1"]
[EndTime "10:09:02 PDT"]
[Termination "Game drawn by stalemate"]

1. Nf3 c5 2. g3 g6 3. Bg2 Nc6 4. O-O Bg7 5. d3 d5 6. Nc3 e5 7. e4 d4 8. Ne2 Nge7 9. Ne1 O-O 10. f4 exf4 11. gxf4 f5 12. e5 Be6 13. c4 dxc3 14. bxc3 Qd7 15. Be3 b6 16. Qc2 Nd5 17. Bf2 Rac8 18.
Rd1 Bh6 19. Bxd5 Qxd5 20. c4 Qd7 21. Nf3 Qb7 22. Be3 Rfd8 23. a3 Qa6 24. Qb3 Rd7 25. Rd2 Rcd8 26. Rfd1 Qb7 27. Kf2 Na5 28. Qc2 Qc6 29. Nc3 Qb7 30. Nb5 Bf8 31. Ng5 Qc6 32. Nxe6 Qxe6 33. Nc3 Nc6 34. Nd5 Bg7 35. Qa4 Ne7 36.
Nc3 Nc6 37. Nd5 Ne7 38. Nc3 Nc6 39. Ne2 g5 40. d4 cxd4 41. Nxd4 Nxd4 42. Rxd4 Rxd4 43.
Rxd4 Rxd4 44. Bxd4 gxf4 45. Qxa7 Bxe5 46. Qa8+ Kf7 47.
Qb7+ Kg8 48. Qxb6 Bxd4+ 49. Qxd4 Qe4 50. Qd5+ Kg7 51. h4 Qe3+ 52. Kg2 Qg3+ 53. Kf1 Qxa3 54.
Qe5+ Kg6 55. Qxf4 Qd3+ 56. Kf2 Qc2+ 57. Kg3 Qd3+ 58. Kh2 Qc2+ 59. Kh3 Qd3+ 60. Qg3+ Qxg3+ 61. Kxg3 Kf6 62. Kf4 Ke6 63. c5 Kd5 64. Kxf5 Kxc5 65. Kf6 Kd6 66. Kg7 Ke7 67. Kxh7 Kf7 68. Kh6 Kg8 69.
Kg6 Kh8 70. Kg5 Kh7 71. Kh5 Kg7 72. Kg5 Kh7 73. h5 Kg7 74. Kf5 Kh6 75. Kg4 Kh7 76. Kg5 Kg7 77. h6+ Kh7 78. Kh5 Kg8 79. Kg6 Kh8 80.
h7 1/2-1/2

[Event "*** Titled Tuesday Blitz"]
[Site "Chess.com"]
[Date "2020.04.14"]
[Round "1"]
[White "frankshar"]
[Black "Alex_Molchanov"]
[Result "1-0"]
[WhiteElo "2244"]
[BlackElo "2571"]
[TimeControl "180+1"]
[EndTime "10:09:03 PDT"]
[Termination "frankshar won by checkmate"]

1. d4 Nf6 2. c4 e6 3. Nf3 b6 4. g3 Ba6 5. Qc2 c5 6. d5 exd5 7. cxd5 d6 8. Bg2 g6 9. O-O Bg7 10. Nc3 O-O 11. Re1 Nbd7 12. e4 b5 13. Bf4 Nb6 14.
Rad1 Re8 15. e5 Nh5 16. Bg5 f6 17. exf6 Rxe1+ 18. Rxe1 Bxf6 19. Ne4 Nxd5 20. Rd1 Bb7 21. Qb3 Bxg5 22. Rxd5 c4 23. Qxb5 Qb6 24. Nexg5 Rf8 25.
Qxb6 axb6 26. Rxd6 Nf6 27. Rxb6 Ba8 28. Rb4 Bd5 29.
Ne1 h6 30. Nh3 Bf7 31. Nf4 Rd8 32. Kf1 Rd2 33. Nf3 Rc2 34. Ne5 g5 35. Nxf7 gxf4 36. Nxh6+ Kg7 37. Nf5+ Kg6 38. Nd4 Rc1+ 39. Ke2 fxg3 40.
hxg3 Rg1 41. Bf3 Kg5 42. Rxc4 Rb1 43. Rc5+ Kh6 44. b3 Rb2+ 45. Rc2 Rb1 46. Rc6 Kg7 47. Ne6+ Kf7 48. Nf4 Ke7 49. Rc2 Rg1 50. g4 Nd7 51. Rd2 Ne5 52. Nd3 Nxg4 53. Bxg4 Rxg4 54. Ke3 Rh4 55.
f3 Rh1 56. Nf4 Kf6 57. Rc2 Kf5 58. Rc5+ Kf6 59. a4 Re1+ 60. Ne2 Rb1 61. Rb5 Ke6 62. a5 Kd6 63. b4 Kc7 64. Rb6 Rb3+ 65. Ke4 Rb2 66. Nd4 Rb1 67. f4 Re1+ 68. Kd5 Rd1 69. f5 Rf1 70. f6 Rf2 71. Ke6 Rf4 72. Nf5 Re4+ 73. Kf7 Rf4 74. Kg6 Rg4+ 75. Kf7 Rf4 76. Ne7 Kd7 77. Kg7 Rg4+ 78. Ng6 Ke8 79. f7+ Kd7 80.
f8=Q Re4 81. Rd6+ Kc7 82. Qd8+ Kb7 83. Rb6+ Ka7 84. Qb8# 1-0

[Event "*** Titled Tuesday Blitz"]
[Site "Chess.com"]
[Date "2020.04.14"]
[Round "1"]
[White "goldenspine"]
[Black "Toro1234"]
[Result "1-0"]
[WhiteElo "2309"]
[BlackElo "2619"]
[TimeControl "180+1"]
[EndTime "10:09:04 PDT"]
[Termination "goldenspine won on time"]

1. d4 d5 2. c4 e6 3. Nc3 Nf6 4. Bg5 Be7 5. e3 O-O 6. Nf3 h6 7. Bh4 b6 8. Rc1 Bb7 9. cxd5 exd5 10. Bd3 Nbd7 11. O-O Re8 12. h3 a6 13. Bg3 c5 14.
Bb1 c4 15. Re1 b5 16. a3 Qb6 17. Nh4 a5 18. Nf5 Bf8 19. Qf3 b4 20. Na4 Qc6 21. b3 c3 22. axb4 axb4 23. Bc2 g6 24. Nh4 Ne4 25. Bxe4 dxe4 26. Qg4 Nf6 27. Qe2 Ba6 28.
Qd1 Bd3 29. Be5 Nd5 30. g4 Rxa4 31. bxa4 b3 32. Qxb3 Be7 33. Ng2 g5 34. Red1 Rc8 35. Ne1 Be2 36. Nc2 Bxd1 37. Rxd1 f6 38. Bg3 Kg7 39.
a5 Ra8 40. Ra1 Ra7 41. a6 Bd6 42. Bxd6 Qxd6 43. Ra5 Ne7 44. Qxc3 Rxa6 45. Rxa6 Qxa6 46.
Qc7 Kf7 47. d5 Qc8 48. Qxc8 Nxc8 49. Nd4 Ke7 50. Nf5+ Kd7 51. Kf1 Nb6 52. Nxh6 Nxd5 53. Ke2 Ke6 54. Nf5 Nb4 55. Ng3 Ke5 56. Kd2 Nd5 57.
Ke2 Ne7 58. Kf1 Ng6 59. Kg2 Nh4+ 60. Kh2 Kd5 61. Nh5 Ke6 62. Kg3 Ke5 63. Ng7 Nf3 64. Nf5 Nd2 65. h4 gxh4+ 66. Kxh4 Nf3+ 67. Kg3 Ng5 68.
Nh4 Ne6 69. f4+ exf3 70. Kxf3 Ng5+ 71. Kg3 Ke4 72. Nf3 Nxf3 73. Kf2 Ne5 74. Kg3 Kxe3 75. Kh4 Kf4 76. Kh5 1-0

[Event "*** Titled Tuesday Blitz"]
[Site "Chess.com"]
[Date "2020.04.14"]
[Round "1"]
[White "Vice64"]
[Black "Shield12"]
[Result "0-1"]
[WhiteElo "2471"]
[BlackElo "2879"]
[TimeControl "180+1"]
[EndTime "10:09:09 PDT"]
[Termination "Shield12 won on time"]

1. e4 e5 2. Nf3 Nc6 3. Bb5 a6 4. Ba4 Nf6 5. O-O b5 6. Bb3 Bc5 7. c3 d6 8. d4 Bb6 9. Re1 Bg4 10.
h3 Bxf3 11. Qxf3 O-O 12. Bg5 exd4 13. Bd5 Ne5 14. Qg3 c6 15. Bb3 Qe7 16. cxd4 Bxd4 17. Nc3 Rfe8 18. Rad1 Bxc3 19. bxc3 Rad8 20. f4 Ng6 21. e5 dxe5 22. Rxd8 Qxd8 23. fxe5 Qb6+ 24. Kh2 Nd5 25. h4 Qc7 26. h5 Nxe5 27. Kh1 Re6 28.
Bxd5 cxd5 29. Bf4 f6 30. h6 Qe7 31. Rd1 g5 32. Bxe5 Rxe5 33. Qf2 Qf8 34. Kg1 Qxh6 35. Qf3 Qh4 36. Qxf6 Re1+ 37. Rxe1 Qxe1+ 38. Kh2 Qh4+ 39. Kg1 Qf4 40. Qe6+ Qf7 41. Qc8+ Kg7 42. Qxa6 Qd7 43. Qb6 h6 44. Qd4+ Kg6 45. Qd3+ Kf6 46. Qd4+ Kg6 47. Qd3+ Kg7 48. Qd4+ Kf7 49. Qf2+ Ke6 50. Qb6+ Ke5 51. Qxh6 Qf5 52. Qg7+ Kf4 53. Qd4+ Qe4 54. Qf2+ Kg4 55.
Qf1 Qe3+ 56. Kh1 Qxc3 57. Qxb5 Qe1+ 58. Kh2 Qe5+ 59. Kh1 Qa1+ 60. Kh2 Qxa2 61. Qd7+ Kf4 62. Qd6+ Ke3 63. Qe5+ Kd3 64. Qxg5 d4 65. Qf5+ Kc3 66. Qc5+ Qc4 67. Qa3+ Qb3 68. Qc5+ Qc4 69. Qa3+ Kc2 70.
Qf3 d3 71. Qf5 Kc1 72. Qf1+ Kc2 73. Qf5 Qh4+ 74. Kg1 Qe1+ 75. Kh2 Qh4+ 76. Kg1 Qd4+ 77. Kh2 Kc3 78. Qf3 Kb2 79. g4 d2 80. Qd1 Qe3 0-1

[Event "*** Titled Tuesday Blitz"]
[Site "Chess.com"]
[Date "2020.04.14"]
[Round "1"]
[White "Ar4uha"]
[Black "dennisodessa"]
[Result "1/2-1/2"]
[WhiteElo "2639"]
[BlackElo "2311"]
[TimeControl "180+1"]
[EndTime "10:09:09 PDT"]
[Termination "Game drawn - insufficient material"]

1. e4 e6 2. d4 d5 3. Nc3 Nc6 4. Nf3 Nf6 5. exd5 exd5 6. Bd3 Be7 7. h3 O-O 8. O-O Nb4 9. Re1 Nxd3 10. Qxd3 c6 11. Bg5 h6 12. Bh4 Re8 13. Ne5 Ne4 14.
Bxe7 Qxe7 15. f3 Nxc3 16. Qxc3 Be6 17. Re3 f6 18. Nd3 Qd6 19. Rae1 b6 20. Qb4 Qxb4 21. Nxb4 Bd7 22. Rxe8+ Rxe8 23. Rxe8+ Bxe8 24. Kf2 Kf7 25. Ke3 Ke6 26. g4 g5 27. f4 f5 28. Kf3 gxf4 29. Kxf4 fxg4 30. hxg4 a5 31. Nd3 Bg6 32. Ne5 Bxc2 33.
Nxc6 Bb1 34. a3 Be4 35. Nd8+ Kf6 36. Nc6 Bd3 37. Na7 Ba6 38. Nc6 Bb7 39. Ne5 Bc8 40. Nf3 Bd7 41. Ne1 Bc8 42. Nc2 Bd7 43. Ne3 Be6 44.
Nf1 Bd7 45. Nh2 Be6 46. Nf3 Bd7 47. Ne5 Be8 48. b4 axb4 49. axb4 Ba4 50. Nf3 Be8 51. Nh2 Bd7 52. Nf1 Bc8 53. Ne3 Be6 54. Ng2 Bd7 55.
Nh4 Be6 56. Nf3 Bd7 57. g5+ hxg5+ 58. Nxg5 Be8 59. Nf3 Bd7 60. Ne5 Be8 61. Ng4+ Ke6 62. Kg5 Ba4 63. Ne5 Bc2 64. Kh6 Kf6 65. Nd7+ Kf5 66.
Nxb6 Ke4 67. b5 Ba4 68. Nxd5 Kxd5 69. b6 Bc6 70. b7 Bxb7 71. Kh7 Kxd4 1/2-1/2

[Event "*** Titled Tuesday Blitz"]
[Site "Chess.com"]
[Date "2020.04.14"]
[Round "1"]
[White "Riptide27"]
[Black "Alexander_Donchenko"]
[Result "0-1"]
[WhiteElo "2462"]
[BlackElo "2863"]
[TimeControl "180+1"]
[EndTime "10:09:10 PDT"]
[Termination "Alexander_Donchenko won on time"]

1. e4 c5 2. Nf3 e6 3. d4 cxd4 4. Nxd4 Nf6 5. Nc3 Nc6 6. Ndb5 Bc5 7. Nd6+ Ke7 8. Nxc8+ Rxc8 9. Be2 h5 10. O-O a6 11.
Bg5 Kf8 12. Kh1 Qc7 13. f4 Ng4 14. Bxg4 hxg4 15. Qxg4 Bd4 16. Rad1 Bxc3 17. bxc3 f6 18. Bh4 Ne7 19. Rd3 Kf7 20. Bg3 Qc6 21. Qe2 f5 22.
exf5 Nxf5 23. Bf2 Rh6 24. Rfd1 d5 25. Kg1 Qc4 26. Qe5 Qxa2 27. Rxd5 Qxc2 28. Rd7+ Kg8 29. g4 Rg6 30. Kf1 Rxg4 31. Qxe6+ Kh7 32. R7d3 Rf8 33.
Rh3+ Nh6 34. Qxg4 Rf7 35. Bd4 Qa4 36. Re1 Qb5+ 37. Kg1 Rd7 38. Qg2 Rf7 39. Re6 Qb1+ 40. Qf1 Qf5 41. Ree3 Qg4+ 42. Reg3 Qe6 43. Qg2 Kg8 44. Qf1 Nf5 45. Rf3 Qd5 46. Rf2 Re7 47. Qg2 Qe6 48. Qf1 Qd5 49. Rd3 Re6 50. Be5 Rg6+ 51.
Rg2 Rxg2+ 52. Qxg2 Qxd3 53. Qxb7 Kh7 54. Qg2 Qd1+ 55.
Qf1 Qd2 56. Qg2 Qe3+ 57. Qf2 Qd3 58. Qg2 Qe3+ 59. Qf2 Qd3 60. Qf1 Qe3+ 61. Kh1 a5 62. Qg1 Qf3+ 63. Qg2 Qd1+ 64. Qg1 Qf3+ 65. Qg2 Qd1+ 66.
Qg1 Qd3 67. Qg4 Qe4+ 68. Qg2 Qe1+ 69. Qg1 Qe4+ 70. Qg2 Qe1+ 71. Qg1 Qe2 72. Qg2 Qh5 0-1